[Event "Chinese League Division-A 2024"]
[Site "Fuling Chongqing"]
[Date "2024.06.29"]
[Round "4.22"]
[White "Xie, Kaifan"]
[Black "Nie, Xinyang"]
[Result "1-0"]
[ECO "E35"]
[WhiteElo "2376"]
[BlackElo "2395"]
[Annotator "RC"]
[PlyCount "147"]
[EventDate "2024.06.28"]
[EventType "team-tourn"]
[EventCountry "CHN"]
[SourceTitle "playchess.com"]
[Source "ChessBase"]
[SourceQuality "1"]
[TimeControl "40/5400+30:1800+30"]

1. d4 Nf6 2. c4 e6 3. Nc3 Bb4 4. Qc2 d5 5. cxd5 exd5 6. Bf4 O-O 7. e3 Nh5 8. Be5 Nc6 9. Be2 Nf6 10. Bf4 Ne4 11. Bd3 Re8 12. Nge2 Bf5 13. O-O Nxc3 14. bxc3 Bxd3 15. Qxd3 Bf8 16. Qb5 Rb8 17. c4 dxc4 18. Rfc1 a6 19. Qxc4 Bd6 20. Rab1 Qd7 21. h3 h6 22. Bxd6 cxd6 23. Nc3 Rec8 24. Qa4 Qf5 25. Qa3 Rd8 26. Rb6 Rd7 27. Rcb1 Rc8 28. Rxb7 Rxb7 29. Rxb7 Na5 30. e4 Qg5 31. Rb1 Kh7 32. Nd5 Qd2 33. Qf3 Rf8 34. Qf5+ Kh8 35. Ne7 Qxa2 36. Ng6+ Kg8 37. Ne7+ Kh8 38. e5 Rd8 39. d5 dxe5 40. Rb6 Qd2 41. Rxa6 Nc4 42. Qxf7 Qc1+ 43. Kh2 Qf4+ 44. Qxf4 exf4 45. Ng6+ Kg8 46. Nxf4 Rf8 47. Kg3 Nd2 48. f3 Nf1+ 49. Kf2 Rxf4 50. Kxf1 Rd4 51. d6 Kf7 52. Ra7+ Kf6 53. Rd7 h5 54. Rd8 h4 55. d7 Kg6 56. Rh8 Rxd7 57. Rxh4 Rd2 58. Rg4+ Kf6 59. Kg1 g6 60. Kh2 Kg7 61. Rb4 Ra2 62. Rb5 Ra4 63. Kg3 Ra2 64. h4 Kh6 65. Kh3 Rc2 66. g3 Rc8 67. Kg4 Rg8 68. Rb6 Kh7 69. Kg5 Rg7 70. f4 Rg8 71. g4 Rg7 72. Rc6 Rg8 73. Rc7+ Kh8 74. Kh6 1-0

[Event "Chinese League Division-A 2024"]
[Site "Fuling Chongqing"]
[Date "2024.06.29"]
[Round "4.23"]
[White "Cao, Qingfeng"]
[Black "Wu, Yixing"]
[Result "1-0"]
[ECO "E11"]
[WhiteElo "2189"]
[BlackElo "2326"]
[Annotator "RC"]
[PlyCount "109"]
[EventDate "2024.06.28"]
[EventType "team-tourn"]
[EventCountry "CHN"]
[SourceTitle "playchess.com"]
[Source "ChessBase"]
[SourceQuality "1"]
[TimeControl "40/5400+30:1800+30"]

1. d4 Nf6 2. c4 e6 3. Nf3 d5 4. g3 Bb4+ 5. Bd2 Be7 6. Bg2 O-O 7. O-O c6 8. Bc3 dxc4 9. a4 b5 10. axb5 cxb5 11. Ne5 Nd5 12. Ba5 Qe8 13. b3 Nc6 14. bxc4 bxc4 15. e4 Nxa5 16. exd5 Bb4 17. Na3 f6 18. Nc6 Nxc6 19. dxc6 a5 20. Nxc4 Ba6 21. Qc2 Bb5 22. Rfc1 Bxc6 23. Nd6 Qe7 24. Bxc6 Qxd6 25. Bxa8 Rxa8 26. Qe4 Qd5 27. Qxd5 exd5 28. Rc7 a4 29. Rac1 a3 30. Rc8+ Rxc8 31. Rxc8+ Kf7 32. Rc6 h5 33. h3 Kg6 34. Kg2 h4 35. Kf3 Kg5 36. Ra6 hxg3 37. fxg3 Kf5 38. Ra7 Bc3 39. g4+ Kg6 40. Rxa3 Bxd4 41. Rd3 Bb2 42. Rxd5 Bc1 43. h4 Ba3 44. Ke4 Bc1 45. Rd7 Bb2 46. Rd5 Bc1 47. Rh5 Bd2 48. Kd5 Kf7 49. Rh8 Bc1 50. h5 f5 51. gxf5 Kf6 52. Ke4 Bd2 53. Rd8 Bh6 54. Rd6+ Kg5 55. Rg6+ 1-0

[Event "Chinese League Division-A 2024"]
[Site "Fuling Chongqing"]
[Date "2024.06.29"]
[Round "4.24"]
[White "Chen, Yining"]
[Black "Sun, Fanghui"]
[Result "0-1"]
[ECO "D94"]
[WhiteElo "2300"]
[BlackElo "2115"]
[Annotator "RC"]
[PlyCount "56"]
[EventDate "2024.06.28"]
[EventType "team-tourn"]
[EventCountry "CHN"]
[SourceTitle "playchess.com"]
[Source "ChessBase"]
[SourceQuality "1"]
[TimeControl "40/5400+30:1800+30"]

1. d4 d5 2. c4 c6 3. Nc3 Nf6 4. e3 g6 5. Nf3 Bg7 6. Be2 O-O 7. O-O dxc4 8. Bxc4 Bg4 9. Be2 Nbd7 10. e4 Bxf3 11. Bxf3 e5 12. d5 cxd5 13. exd5 Re8 14. Bg5 h6 15. Be3 e4 16. Be2 a6 17. a4 Qa5 18. Qd2 Kh7 19. Rfd1 Rad8 20. d6 Qf5 21. Nd5 Ng4 22. Ne7 Qe6 23. Bxg4 Qxg4 24. Qd5 Ne5 25. h3 Qe6 26. Qxe4 Rxd6 27. Rxd6 Qxd6 28. Nd5 f5 0-1

[Event "Chinese League Division-A 2024"]
[Site "Fuling Chongqing"]
[Date "2024.06.29"]
[Round "4.25"]
[White "Zhang, Lanlin"]
[Black "Liu, Manli"]
[Result "1/2-1/2"]
[ECO "B44"]
[WhiteElo "2161"]
[BlackElo "2056"]
[Annotator "RC"]
[PlyCount "188"]
[EventDate "2024.06.28"]
[EventType "team-tourn"]
[EventCountry "CHN"]
[SourceTitle "playchess.com"]
[Source "ChessBase"]
[SourceQuality "1"]
[TimeControl "40/5400+30:1800+30"]

1. e4 c5 2. Nf3 e6 3. d4 cxd4 4. Nxd4 Nc6 5. Bf4 d6 6. Nxc6 bxc6 7. Nc3 e5 8. Be3 Nf6 9. Bc4 Be7 10. Qe2 Be6 11. O-O-O Qd7 12. Rhg1 O-O 13. Bb3 Rfd8 14. Bd2 Rac8 15. Kb1 Bxb3 16. axb3 Qe6 17. Rge1 h6 18. h3 Nh7 19. Na4 Qg6 20. Ba5 Rf8 21. g4 Ng5 22. Qe3 Rfe8 23. Bc3 Rc7 24. Rd3 Ne6 25. Red1 Nf4 26. R3d2 Rb7 27. b4 Reb8 28. b3 Qe6 29. Qe1 Nxh3 30. Nb2 f6 31. Nc4 Rd7 32. Na5 d5 33. exd5 cxd5 34. b5 Nf4 35. Qf1 Rc7 36. Nc6 Rxc6 37. bxc6 Qxc6 38. Bb2 Bb4 39. Rd3 Nxd3 40. Qxd3 Rd8 41. f3 a5 42. Qf5 Qd7 43. Qg6 a4 44. c3 Bf8 45. b4 a3 46. Bc1 Qa4 47. Qd3 Qb3+ 48. Ka1 d4 49. cxd4 Qxb4 50. d5 Bc5 51. Ka2 Bd4 52. Bxa3 Ra8 53. Qb3 Qd6 54. Rxd4 exd4 55. Kb2 Rxa3 56. Qxa3 Qxd5 57. Qd3 Kf7 58. Kc2 Qa2+ 59. Kd1 Qa1+ 60. Ke2 Qb2+ 61. Kd1 Qc3 62. Qf5 Qe3 63. Qd7+ Qe7 64. Qxd4 Qe6 65. Qd3 Qe5 66. Qh7 Qe3 67. Qf5 Ke7 68. Qd5 Qe6 69. Qa8 Kf7 70. Qa5 Kg6 71. Qh5+ Kh7 72. Kd2 Qe5 73. Qf7 Qd4+ 74. Ke2 Qc3 75. Kf2 Qc2+ 76. Kg3 Qe2 77. Qd7 Qe5+ 78. Kf2 Kg6 79. Qd3+ Kg5 80. Qd1 Qh2+ 81. Ke3 Kh4 82. Qe1+ Kh3 83. Qf1+ Qg2 84. Qb1 Kh2 85. Qb8+ Kh1 86. Qb7 Qg1+ 87. Ke4 Qe1+ 88. Kf5 Qe5+ 89. Kg6 Kh2 90. Kxg7 Qg5+ 91. Kf7 Kg3 92. Qe4 Qe5 93. Kg6 Qg5+ 94. Kf7 h5 1/2-1/2

[Event "Chinese League Division-A 2024"]
[Site "Fuling Chongqing"]
[Date "2024.06.29"]
[Round "4.26"]
[White "Xu, Yi"]
[Black "Huang, Renjie"]
[Result "1/2-1/2"]
[ECO "B33"]
[WhiteElo "2496"]
[BlackElo "2480"]
[Annotator "TA"]
[PlyCount "64"]
[EventDate "2024.06.28"]
[EventType "team-tourn"]
[EventCountry "CHN"]
[SourceTitle "playchess.com"]
[Source "ChessBase"]
[SourceQuality "1"]
[TimeControl "40/5400+30:1800+30"]

1. e4 c5 2. Nf3 Nc6 3. d4 cxd4 4. Nxd4 Nf6 5. Nc3 e5 6. Ndb5 d6 7. Bg5 a6 8. Na3 b5 9. Nd5 Be7 10. Bxf6 Bxf6 11. c3 Rb8 12. Nc2 Bg5 13. a4 bxa4 14. Ncb4 Nxb4 15. Nxb4 Bd7 {[%emt 0:01:38] Prevents Nc6. Threatens to win with ...a5.} 16. Bxa6 Qa5 17. Qxd6 Rb6 18. Qd3 Be6 {[%emt 0:01:57] ...Be7 would now be deadly. This pair of bishops is nice.} 19. Bc4 Rxb4 20. Bxe6 Rd4 21. Qe2 (21. Qf3 $142 $1 Bd2+ 22. Kf1 Qb5+ 23. Kg1) 21... Bd2+ $11 (21... fxe6 22. O-O Rd7 (22... Rd6 $2 23. Qh5+ g6 24. Qxg5 $18) 23. Qh5+ Rf7 24. Qxg5 $16) 22. Kf1 Bxc3 $1 23. Bxf7+ Kxf7 24. Qf3+ Ke7 25. bxc3 ({But not} 25. Qxc3 Qxc3 26. bxc3 Rd2 $17 (26... Rxe4 27. f3 $15)) 25... Rd2 26. Qg3 $1 Kf7 {[%emt 0:01:06][%mdl 1024] Hoping for ...Rhd8. Black has compensation.} 27. Qf3+ Ke7 28. Qg3 $1 Qa6+ (28... Ke6 $1 $15 29. Qg4+ (29. Qxg7 Qxc3 30. Qh6+ Kd7 $17) 29... Kd6 30. Qxg7 Qxc3) 29. Kg1 {[%emt 0:00:03] The position is equal.} Qf6 {[%emt 0:00:03][%cal Oa4a3] [#] And now ...a3! would win.} 30. h4 (30. Rxa4 $2 Rd1#) 30... Rf8 31. Rxa4 {[%emt 0:03:35] aiming for Ra7+.} Qxf2+ 32. Kh2 {[%emt 0:01:10] The board is on fire.} Qxg3+ {[%emt 0:01:18] Weighted Error Value: White=0.08 (flawless) /Black=0.10 (very precise) .  Mistake:       	White=1     	Black=1      OK:         	White=9     	Black=9      Best:        	White=4     	---        Strong:       	White=2     	Black=1} 1/2-1/2

[Event "Chinese League Division-A 2024"]
[Site "Fuling Chongqing"]
[Date "2024.06.29"]
[Round "4.27"]
[White "Xiao, Tong"]
[Black "Lou, Yiping"]
[Result "1/2-1/2"]
[ECO "C65"]
[WhiteElo "2518"]
[BlackElo "2442"]
[Annotator "TA"]
[PlyCount "60"]
[EventDate "2024.06.28"]
[EventType "team-tourn"]
[EventCountry "CHN"]
[SourceTitle "playchess.com"]
[Source "ChessBase"]
[SourceQuality "1"]
[TimeControl "40/5400+30:1800+30"]

1. e4 e5 2. Nf3 Nc6 3. Bb5 Nf6 4. d3 Bc5 5. c3 O-O 6. O-O Re8 7. Bg5 a6 8. Bc4 h6 9. Bh4 b5 10. Bb3 g5 11. Bg3 {[%emt 0:00:07] aiming for d4.} (11. Nxg5 $5 hxg5 12. Bxg5 $11) 11... d6 12. a4 Bg4 13. Nbd2 Bb6 14. Re1 Kg7 15. Nf1 Rb8 16. axb5 axb5 17. Ne3 Bxe3 18. fxe3 Ne7 19. Qc2 c5 {[%emt 0:07:42] The position is equal.} 20. c4 b4 21. Ba4 Rf8 22. Bb5 Ra8 23. d4 Bxf3 24. gxf3 Ng6 ({Reject} 24... exd4 $6 25. Rxa8 Qxa8 26. Bxd6 $16) 25. dxc5 Rxa1 26. Rxa1 {[%emt 0:00:04] [#] Threatens to win with Rd1.} dxc5 27. Bc6 $1 h5 28. Bd5 Qd7 29. Kh1 Rc8 30. b3 Rc7 {[%emt 0:00:50] Weighted Error Value: White=0.06 (flawless) /Black=0.06 (flawless) .  Inaccurate:     	---       	Black=2      OK:         	White=7     	Black=9      Best:        	---       	Black=1      Strong:       	White=1     	---} 1/2-1/2

[Event "Chinese League Division-A 2024"]
[Site "Fuling Chongqing"]
[Date "2024.06.29"]
[Round "4.28"]
[White "Meng, Yihan"]
[Black "Liu, Qingnan"]
[Result "1/2-1/2"]
[ECO "C54"]
[WhiteElo "2268"]
[BlackElo "2540"]
[Annotator "TA"]
[PlyCount "151"]
[EventDate "2024.06.28"]
[EventType "team-tourn"]
[EventCountry "CHN"]
[SourceTitle "playchess.com"]
[Source "ChessBase"]
[SourceQuality "1"]
[TimeControl "40/5400+30:1800+30"]

1. e4 e5 2. Nf3 Nc6 3. Bc4 Nf6 4. d3 Bc5 5. c3 O-O 6. O-O d5 7. exd5 Nxd5 8. Re1 Bg4 9. h3 {[%emt 0:01:42] C54: Giuoco Piano: 4 c3 Nf6, main lines with 5 d4 and 5 d3.} Bh5 10. Nbd2 Nb6 11. Bb3 {[%emt 0:00:43] The main line 11.Bb3 scores better than 11.Bb5.} Qxd3 12. Nxe5 Qf5 13. Nef3 Rfe8 14. g4 Bxg4 15. hxg4 Qxg4+ 16. Kh1 Bxf2 17. Rf1 Qh5+ $146 ({Predecessor:} 17... Bg3 18. Bxf7+ Kh8 19. Bxe8 Qh3+ 20. Kg1 Rxe8 21. Qb3 Re2 {0-1 Gascon del Nogal,J (2460)-Yuan,Q (2373) Titled Tuesday intern op 07th Feb Late blitz 2023 (11)}) 18. Nh2 Qxd1 19. Bxd1 Be3 20. Bb3 Re7 21. Ng4 Bg5 22. Nf3 Bxc1 23. Raxc1 Na5 24. Bc2 h5 25. Nge5 Nac4 26. Nxc4 Nxc4 27. Bb3 Na5 28. Ba4 Nc4 29. Rce1 Rxe1 30. Rxe1 Rc8 31. Ne5 Nd6 32. Rf1 g6 33. c4 c6 34. Bc2 Re8 35. c5 Nf5 36. Bxf5 Rxe5 37. Bc2 Kg7 (37... Rxc5 38. Bb3 $14) 38. Bb3 f5 39. Rd1 h4 40. Rd7+ Kh6 41. Kg2 (41. Rxb7 $6 g5 $16) (41. Rd6 $11 {remains equal.}) 41... g5 $1 $17 42. Rd6+ Kg7 $1 (42... Kh5 $2 43. Kf3 Re7 44. Rf6 $18 (44. Be6 h3 $16)) 43. Rd7+ {[%emt 0:00:17] [#]} Kf6 $1 44. Rd6+ Ke7 45. Rg6 g4 (45... Rxc5 46. Rxg5 Kf6 47. Rh5 $16) 46. Rh6 h3+ (46... Rxc5 $6 47. Rxh4 Kf6 48. Rh7 $11) 47. Kg3 Rxc5 48. Re6+ Kd8 49. Re1 a5 50. Re2 Rc1 51. Rf2 {[%emt 0:00:05] [#]} (51. Be6 $17 {keeps fighting.} Rg1+ 52. Kh2) 51... Rg1+ $2 ({Wrong is} 51... a4 $2 52. Be6 $18) (51... Re1 $1 $19 52. Rxf5 Rg1+ 53. Kh2 Rg2+ 54. Kh1 b5 (54... Rxb2 55. Rg5 $17)) 52. Kh2 $11 Re1 53. Bc2 $1 (53. Rxf5 $2 {perishes.} Re2+ 54. Kg3 Rg2+ (54... Rxb2 $2 55. Kxg4 a4 56. Rf8+ Ke7 57. Rf7+ Kd6 58. Rf6+ Ke5 59. Rf5+ Ke4 60. Rf4+ Ke3 61. Rf3+ Kd4 62. Bf7 $19) 55. Kf4 Rf2+ (55... Rxb2 56. Kxg4 a4 57. Rf8+ Ke7 58. Rf7+ Kd6 59. Rf6+ Kc5 60. Bf7 $17) 56. Kxg4 Rxf5 $19) 53... f4 54. Rd2+ Ke7 (54... Kc7 $5) 55. Bf5 g3+ 56. Kxh3 Kf6 57. Kg4 Ke5 58. Bc2 Rf1 59. Bd3 Rh1 60. Re2+ Kd4 61. Be4 Rf1 62. Bg2 Rf2 63. Rxf2 gxf2 64. Kf3 Kd3 65. Kxf2 Kc2 66. b3 Kb2 67. Bh3 Kxa2 68. Be6 Kb2 69. Kf3 b5 70. Kxf4 c5 71. Ke4 Kc3 72. Kd5 Kb4 73. Ke4 Kc3 74. Kd5 Kb4 75. Ke4 Kc3 76. Kd5 1/2-1/2

[Event "Chinese League Division-A 2024"]
[Site "Fuling Chongqing"]
[Date "2024.06.29"]
[Round "4.29"]
[White "Zhang, Xiao"]
[Black "Zhang, Xiaowen"]
[Result "1/2-1/2"]
[ECO "D37"]
[WhiteElo "2193"]
[BlackElo "2261"]
[Annotator "RC"]
[PlyCount "62"]
[EventDate "2024.06.28"]
[EventType "team-tourn"]
[EventCountry "CHN"]
[SourceTitle "playchess.com"]
[Source "ChessBase"]
[SourceQuality "1"]
[TimeControl "40/5400+30:1800+30"]

1. d4 d5 2. c4 e6 3. Nf3 Nf6 4. Nc3 Be7 5. Bf4 O-O 6. e3 b6 7. Be2 dxc4 8. Bxc4 Ba6 9. Qe2 Qc8 10. Rc1 Bxc4 11. Qxc4 c5 12. dxc5 Bxc5 13. b4 Be7 14. Nd5 Qb7 15. Nxe7+ Qxe7 16. O-O Nd5 17. Bg3 Qb7 18. a3 Nd7 19. Qc6 Qxc6 20. Rxc6 Rfc8 21. Rfc1 Ne7 22. Rc7 Rxc7 23. Rxc7 Rc8 24. Kf1 Rxc7 25. Bxc7 f6 26. e4 e5 27. Nd2 Kf7 28. f4 exf4 29. Bxf4 Ng6 30. Bg3 Nge5 31. Ke2 Ke6 1/2-1/2

[Event "Chinese League Division-A 2024"]
[Site "Fuling Chongqing"]
[Date "2024.06.29"]
[Round "4.30"]
[White "Ju, Wenjun"]
[Black "Hu, Yu A."]
[Result "1-0"]
[ECO "E73"]
[WhiteElo "2558"]
[BlackElo "2127"]
[Annotator "TA"]
[PlyCount "67"]
[EventDate "2024.06.28"]
[EventType "team-tourn"]
[EventCountry "CHN"]
[SourceTitle "playchess.com"]
[Source "ChessBase"]
[SourceQuality "1"]
[TimeControl "40/5400+30:1800+30"]

1. d4 Nf6 2. c4 g6 3. Nc3 Bg7 4. e4 d6 5. Be2 O-O 6. Be3 e5 7. d5 Nbd7 8. g4 Nc5 9. f3 a5 10. h4 h5 {[%emt 0:01:11] White is slightly better.} 11. g5 Nh7 12. Qd2 Bd7 13. O-O-O f5 (13... Qb8 $142) 14. gxf6 ({Better is} 14. exf5 Bxf5 15. Nh3) 14... Bxf6 $16 15. Qe1 Kh8 16. Kb1 Rb8 17. Bf1 Qe7 18. Nge2 Na4 19. Nxa4 Bxa4 20. b3 Be8 21. Nc3 {[%emt 0:04:04] White is more active.} ({Much weaker is} 21. Qxa5 $6 Bxh4 22. Qa7 Qd8 $11) 21... c6 {[%emt 0:01:41] [#]} (21... a4 $16) 22. c5 Bf7 {[%emt 0:06:46] A mistake that costs the game.} (22... dxc5 $16 {might work better.} 23. d6 Qd8) 23. cxd6 $18 Qxd6 24. dxc6 Qxc6 25. Bb5 Qe6 26. Nd5 {[%emt 0:01:38] Against Qe7} Bd8 $2 {[%emt 0:03:45] [#]} (26... a4 $16 {was necessary.}) 27. Bc5 Rg8 28. Qd2 b6 29. Ba3 a4 30. bxa4 {[%emt 0:02:14][%cal Bb3a4,Ba4b5][%mdl 32] White is clearly winning.} ({Weaker is} 30. Bxa4 b5 $18) 30... g5 31. Rc1 Be8 {[%emt 0:01:55] Dodges Rc6} 32. Bb2 Bxb5 33. axb5 Qe8 34. Qh2 {[%emt 0:02:21] Weighted Error Value: White=0.15 (very precise) /Black=0.46.  Mistake:       	White=2     	Black=4      Inaccurate:     	---       	Black=3      OK:         	White=11    	Black=5} 1-0

[Event "Chinese League Division-A 2024"]
[Site "Fuling Chongqing"]
[Date "2024.07.01"]
[Round "5.1"]
[White "Huang, Renjie"]
[Black "Li, Chao b"]
[Result "1/2-1/2"]
[ECO "B01"]
[WhiteElo "2480"]
[BlackElo "2645"]
[Annotator "TA"]
[PlyCount "62"]
[EventDate "2024.06.28"]
[EventType "team-tourn"]
[EventCountry "CHN"]
[SourceTitle "playchess.com"]
[Source "ChessBase"]
[SourceQuality "1"]
[TimeControl "40/5400+30:1800+30"]

1. e4 d5 2. exd5 Qxd5 3. Nc3 Qd6 4. Nf3 c6 5. d4 Bf5 6. Ne5 {[%emt 0:02:02] And now Qf3 would win.} Nd7 7. Nc4 Qg6 8. Ne3 {[%emt 0:00:41] White is slightly better.} Ngf6 {[%emt 0:02:20] Against g4} 9. Be2 {[%emt 0:04:00] aiming for g4.} h5 10. O-O e6 11. Nxf5 Qxf5 12. Bd3 Qa5 13. Qf3 Bd6 14. a3 h4 15. h3 Qh5 16. Be2 Qxf3 17. Bxf3 Nb6 18. Bg5 Be7 19. Rad1 a5 20. Rfe1 a4 21. Kf1 Nfd5 22. Bxe7 Kxe7 23. Ne4 Nc4 24. Be2 Nd6 (24... Nxb2 $2 {loses.} 25. Rb1 $18) 25. Nxd6 Kxd6 26. c4 Nf4 27. Bf3 Ra5 28. Re3 Rd8 29. Re4 Rf5 {[%emt 0:11:32] [#]} 30. d5 $1 exd5 31. cxd5 Nxd5 {[%emt 0:00:15] Weighted Error Value: White=0.11 (very precise) /Black=0.08 (flawless) .  Inaccurate:     	White=4     	Black=4      OK:         	White=7     	Black=10} 1/2-1/2

[Event "Chinese League Division-A 2024"]
[Site "Fuling Chongqing"]
[Date "2024.07.01"]
[Round "5.2"]
[White "Xiu, Deshun"]
[Black "Xiao, Tong"]
[Result "1-0"]
[ECO "D45"]
[WhiteElo "2514"]
[BlackElo "2518"]
[Annotator "TA"]
[PlyCount "197"]
[EventDate "2024.06.28"]
[EventType "team-tourn"]
[EventCountry "CHN"]
[SourceTitle "playchess.com"]
[Source "ChessBase"]
[SourceQuality "1"]
[TimeControl "40/5400+30:1800+30"]

1. d4 Nf6 2. c4 e6 3. Nf3 d5 4. Nc3 c6 5. e3 a6 6. b3 Bb4 7. Bd2 Nbd7 8. Bd3 O-O 9. O-O {[%emt 0:00:09] D45: Semi-Slav: 5 e3.} Bd6 10. Rc1 e5 11. cxd5 cxd5 12. dxe5 Nxe5 13. Nxe5 Bxe5 14. Ne2 Ng4 15. f4 $146 ({Predecessor:} 15. h3 Nf6 16. Bc3 Qe7 17. Qc2 Bxc3 18. Qxc3 Bd7 19. Nd4 Rfc8 20. Qa5 Qd6 21. Be2 {1-0 Dreev,A (2705)-Godena,M (2527) EU-ch 6th Warsaw 2005 (1)}) 15... Bb8 16. h3 Nf6 17. Bc3 Ba7 18. Bd4 Bxd4 19. Nxd4 Re8 20. Qf3 Qd6 21. Rc2 Bd7 22. Rfc1 Re7 23. g4 Rae8 24. Re2 b5 25. Kg2 b4 26. Rce1 Ne4 27. Bxe4 Rxe4 28. Kf2 Qe7 29. Qg3 Rc8 30. Rc2 Re8 31. Rd2 g5 32. fxg5 Qxg5 33. Rd3 Kh8 34. Nf3 Qe7 35. Qh4 Qxh4+ 36. Nxh4 Be6 37. Ng2 Rc8 38. Nf4 Re5 39. Red1 a5 40. Kf3 Re8 41. Rc1 a4 42. Rc7 axb3 43. axb3 Kg7 44. Rb7 Re4 45. Rb6 Re5 46. Rxb4 Rc8 47. Rbd4 Rc1 48. Nxd5 ({White should play} 48. Rd1 $18 Rc3 49. R1d3 (49. Nxd5 Bxd5+ 50. Rxd5 Rexe3+ 51. Kf2 Rxh3 $11)) 48... Rf1+ 49. Kg3 Rb1 50. Nf4 Bxb3 51. Nh5+ Rxh5 52. gxh5 Be6 53. Ra3 Rb5 54. Rh4 Kh6 55. Raa4 Rg5+ 56. Kf2 Rc5 57. Raf4 Rc2+ 58. Kg3 Rc3 59. Kf3 Rc5 60. Ke2 Ra5 61. Kd3 (61. Kf2 $18) 61... Rd5+ (61... Ra3+ $16 62. Ke2 Ra2+ 63. Kf3 Kg5) 62. Kc3 Rb5 63. Rf6+ Kg7 64. Rf3 Kh6 65. Rg3 Rb3+ 66. Kc2 Rb5 67. Kc3 Rb3+ $1 68. Kd2 Rb2+ 69. Kd3 Rb3+ 70. Ke2 Rb5 71. Kf3 Ra5 72. Rf4 Kxh5 73. Rg7 h6 (73... Ra1 $142 74. Rxh7+ Kg6) 74. Kg3 $18 Rg5+ 75. Rg4 f5 $2 (75... Ba2 {is a better defense.} 76. Kh2 Be6) 76. R4xg5+ hxg5 77. Re7 Bd5 {[%emt 0:00:09] [#]} 78. h4 (78. Re5 $1 $18 {has better winning chances.} Be4 79. Re8) 78... gxh4+ $2 (78... f4+ $16 79. exf4 gxh4+ 80. Kh3 Be6+ 81. Kh2 Bc8) 79. Kh3 Kg5 80. Rg7+ $1 Kf6 81. Rh7 Ke5 82. Rxh4 ({And not} 82. Kxh4 Ke4 $11) 82... Be4 83. Kg3 Bc2 84. Rh8 Ke4 85. Kf2 Kd3 86. Rd8+ Kc3 87. Ke2 Bb3 88. Rd3+ Kc2 89. Rd4 Kc3 90. Kf3 Bc2 91. Rh4 Kd2 92. Rh2+ Kd1 93. Kf4 Be4 $2 (93... Bd3 $18 94. Ke5 Ke1) 94. Ke5 $1 Ke1 {[%emt 0:00:03] [#]} 95. Rh4 $1 Bd3 {[%emt 0:00:21] [#]} 96. Kd4 $1 Bc2 97. Rh1+ Kd2 98. Rh2+ Kd1 99. Rf2 1-0

[Event "Chinese League Division-A 2024"]
[Site "Fuling Chongqing"]
[Date "2024.07.01"]
[Round "5.3"]
[White "Liu, Qingnan"]
[Black "Zhang, Di"]
[Result "1-0"]
[ECO "B76"]
[WhiteElo "2540"]
[BlackElo "2362"]
[Annotator "TA"]
[PlyCount "77"]
[EventDate "2024.06.28"]
[EventType "team-tourn"]
[EventCountry "CHN"]
[SourceTitle "playchess.com"]
[Source "ChessBase"]
[SourceQuality "1"]
[TimeControl "40/5400+30:1800+30"]

1. e4 c5 2. Nf3 d6 3. d4 cxd4 4. Nxd4 Nf6 5. Nc3 g6 6. Be3 Bg7 7. f3 O-O 8. Qd2 Nc6 9. O-O-O d5 10. Nxc6 bxc6 11. Bh6 Bxh6 12. Qxh6 Rb8 13. e5 Nd7 14. Rd4 {[%emt 0:00:04] Intending Rh4 and mate.} Re8 $1 {[%emt 0:00:29][%cal Od8b6] [#] Strongly threatening ...Qb6! White is slightly better.} (14... Nxe5 15. Rh4) 15. e6 $1 $40 {[%emt 0:00:41][%mdl 128] Black needs to defend precisely.} Nf6 {[%emt 0:00:26] Threatens to win with ...Qb6.} (15... fxe6 16. Bd3) 16. exf7+ Kxf7 17. Ra4 $1 Qb6 18. b3 {[%emt 0:00:04] Active counter play!} Qc5 19. Kb2 a5 {[%emt 0:01:30] [#]} 20. a3 {[%emt 0:00:17] Prevents Rb4} (20. g4 $1 $16 {[%cal Rg4g5] Hoping for g5.} Rb4 21. g5) 20... e5 (20... Qf2 $11) 21. g4 Be6 {[%emt 0:04:09] ...Kg8 is the strong threat.} 22. Bd3 Rh8 (22... d4 $11 {remains equal.} 23. Ne2 (23. Ne4 $2 Nxe4 24. Qxh7+ Kf8 $19) 23... Rf8 (23... Qd5 24. Nc1 $14)) 23. Qg5 (23. Rf1 $16) 23... Nd7 $11 24. f4 Qe3 {[%emt 0:10:03] ...d4 would now be deadly.} 25. Rd1 {[%emt 0:09:10][%cal Oa4e4] aiming for Re4!} Rhd8 (25... Rhe8 $11) 26. Qh4 ({White should play} 26. Qh6 $1 $14 Rh8 27. Qh4) 26... Kg8 $1 27. f5 $1 (27. Rxa5 Qxf4 28. h3 e4 $19) 27... Bf7 28. Rxa5 e4 29. fxg6 hxg6 {[%emt 0:01:10][%cal Od8e8] And now ...Re8! would win.} 30. Qe7 Qb6 31. Rf1 Rf8 (31... Ne5 $1 $11 32. Qxe5 exd3) 32. Ra6 $16 {[%emt 0:01:35] Chess con chili.} Qc7 {[%emt 0:00:21] [#] This costs Black the game.} (32... Qd8 $16 33. Qxd8 Rbxd8) 33. Bb5 $1 $18 (33. Be2 Rbe8 34. Qg5 d4 $11 (34... Qxh2 35. Rxc6 Ne5 36. Rb6 $16) (34... Qxh2 35. Rxc6 Ne5 36. Ra6 $11)) 33... Rbe8 $2 (33... cxb5 34. Rxf7) (33... Qe5 34. Qxe5 (34. Qxd7 Be8 $18) 34... Nxe5) 34. Rxc6 Qxc6 35. Qxf8+ ({Weaker is} 35. Qxd7 Qxd7 36. Bxd7 Re7 $11 (36... d4 37. Bxe8 dxc3+ 38. Kxc3 $11)) 35... Nxf8 36. Bxc6 Re5 37. a4 e3 38. a5 {[%emt 0:00:46] Black must now prevent a6.} d4 39. Nb5 {[%emt 0:00:15] Weighted Error Value: White=0.18 (very precise) /Black=0.37.  Mistake:       	White=3     	Black=6      Inaccurate:     	---       	Black=2      OK:         	White=12    	Black=5      Best:        	White=5     	Black=3      Strong:       	White=3     	Black=2} 1-0